AoeStats
← ThunderboltX

Arena

509679196Analyzed
1v1 RM · 5d ago on Sep 27, 2026· 37m 16s· 2 players
Game mode
Random Map
Map size
Tiny (2 player)
Population
200
Speed
Normal
Resources
Standard
Victory
Conquest
Starting age
Dark Age
Ending age
Imperial Age
RankedLock teamsTeams togetherTeam positionsShared explorationLock speedFull tech treeHidden civsTurbo modeCheats
Victory
Defeat
🇮🇱 Burgundians · Israel
2282
+20
🇧🇬 Portuguese · Bulgaria
2375
-20
JonSlow
3:24 Double-Bit Axe
7:53 Horse Collar
11:28 Feudal Age
15:18 Castle Age
15:26 Light Cavalry
16:58 Forging
17:11 Husbandry
20:20 Sanctity
20:38 Wheelbarrow
23:24 Bow Saw
23:16 Heavy Plow
23:07 Gold Mining
25:24 Two-Man Saw
25:09 Gold Shaft Mining
24:29 Stone Mining
25:26 Hand Cart
27:04 Loom
30:04 Imperial Age
27:21 Town Watch
28:38 Stone Shaft Mining
28:37 Padded Archer Armor
28:48 Masonry
28:21 Treadmill Crane
29:28 Crop Rotation
29:34 Burgundian Vineyards
29:55 Leather Archer Armor
30:03 Fletching
30:34 Ballistics
29:58 Elite Skirmisher
31:54 Chemistry
31:08 Bodkin Arrow
32:27 Bracer
32:52 Ballistics
33:42 Conscription
33:57 Guilds
35:29 Elite Coustillier
36:45 Scale Barding Armor
ThunderboltX
5:04 Loom
11:38 Feudal Age
12:34 Horse Collar
15:10 Castle Age
12:58 Double-Bit Axe
15:39 Light Cavalry
23:36 Bow Saw
24:17 Wheelbarrow
24:02 Heavy Plow
24:26 Stone Mining
24:28 Gold Mining
25:04 Husbandry
29:18 Imperial Age
26:54 Fletching
26:26 Crossbowman
27:51 Bodkin Arrow
27:57 Padded Archer Armor
29:08 Stone Shaft Mining
28:57 Hand Cart
28:51 Town Watch
29:07 Guard Tower
29:40 Ballistics
29:59 Thumb Ring
30:43 Bracer
31:46 Chemistry
31:02 Arbalester
32:15 Leather Archer Armor
32:20 Masonry
33:05 Elite Skirmisher
35:16 Siege Engineers
36:58 Architecture
37:12 Ring Archer Armor
Connection lost

Rejoining the realm…

Still unreachable

The connection could not be restored.

Session expired

The server has moved on; the page needs a fresh start.